 Dungeon Crawl Stone Soup version 0.29.1-2-gbd0b4ee654 (webtiles) character file.

Game seed: 1957696265127037857

1 tadhg the Firebug (level 1, -2/14 HPs)
             Began as a Draconian Fire Elementalist on Nov 23, 2022.
             Slain by a hobgoblin (3 damage)
             ... on level 1 of the Dungeon.
             The game lasted 00:01:51 (38 turns).

tadhg the Firebug (Draconian Fire Elementalist)       Turns: 38, Time: 00:01:52

Health: -2/14      AC:  4    Str: 10    XL:     1   Next: 16%
Magic:  3/3        EV: 12    Int: 15    God:
Gold:   18         SH:  0    Dex: 11    Spells: 3/4 levels left

rFire   . . .      SeeInvis .   (no weapon)
rCold   . . .      Faith    .   (no shield)
rNeg    . . .      Spirit   .   (body armour unavailable)
rPois   .          Reflect  .   (helmet restricted)
rElec   .          Harm     .   (no cloak)
rCorr   .          Rampage  .   (no gloves)
Will    .....                   (no boots)
Stlth   ++........              (no amulet)
HPRegen 0.04/turn               (no ring)
MPRegen 0.08/turn               (no ring)

@: no status effects
A: AC +4, unfitting armour, cold-blooded
a: no special abilities


You were on level 1 of the Dungeon.
You visited 1 branch of the dungeon, and saw 1 of its levels.

You collected 18 gold pieces.

Inventory:

Potions
 a - a potion of magic


   Skills:
 + Level 1.7 Dodging
 + Level 1.7 Stealth
 + Level 2.0 Spellcasting
 + Level 1.0 Conjurations
 * Level 3.1 Fire Magic


You had 3 spell levels left.
You knew the following spells:

 Your Spells              Type           Power      Damage    Failure   Level
a - Foxfire               Conj/Fire      28%        2x1d5     10%         1

Your spell library contained the following spells:

 Spells                   Type           Power      Damage    Failure   Level
 Scorch                   Fire           20%        2d6       10%         2
 Conjure Flame            Conj/Fire      7%         6-21      28%         3
 Inner Flame              Hex/Fire       6%         N/A       34%         3
 Flame Wave               Conj/Fire      7%         2d5       67%         4


Dungeon Overview and Level Annotations

Branches:
Dungeon (1/15)

Altars:


Innate Abilities, Weirdness & Mutations

Your plain brown scales are hard. (AC +4)
You cannot fit into any form of body armour.
You are cold-blooded and may be slowed by cold attacks.


Message History

Unknown command.
Unknown command.
Unknown command.
Unknown command.
Unknown command.
Unknown command.
Welcome back, tadhg the Draconian Fire Elementalist.
Press ? for a list of commands and other information.
Unknown command.
Unknown command.
Unknown command.
Unknown command.
You barely miss the ball python.
The ball python bites you but does no damage.
The ball python grabs you. The ball python constricts you.
You hit the ball python but do no damage.
The ball python bites you but does no damage.
The ball python constricts you.
A hobgoblin comes into view.
The goblin hits you but does no damage.
You hit the ball python but do no damage.
The ball python bites you. The ball python constricts you.
The goblin hits you but does no damage.
You barely miss the ball python. You tail-slap the ball python.
The ball python is moderately wounded.
The ball python bites you but does no damage.
The ball python constricts you. The goblin hits you but does no damage.
You hit the ball python.
You kill the ball python!
The goblin hits you with a +0 club. The kobold misses you.
A giant cockroach comes into view.
The goblin barely misses you. The kobold completely misses you.
You see here a ball python corpse.
The hobgoblin hits you. The goblin misses you. The kobold closely misses you.
You see here 2 gold pieces.
The hobgoblin hits you.
* * * LOW HITPOINT WARNING * * *
The giant cockroach bites you but does no damage.
The hobgoblin hits you.
You die...

.# #####
#############.## #....#
.#............ #...#.#
##............#
....#.##.........##..##
.......##...#.....##.#
#B......#.#.....#..
.#@.g†..........#..
#..gK...#.#.....#..
#...###..(...#.....
.......#.....#.......
.......###...##.......
...^#........##.#...<..
........##...#.##......
#....#...$#..#.#....#..
.....## #...#...


You could see a giant cockroach, a hobgoblin, a goblin and a kobold.

Vanquished Creatures
  A ball python (D:1)
1 creature vanquished.

Notes
Turn   | Place    | Note
-------+----------+-------------------------------------------
     0 | D:1      | tadhg the Draconian Fire Elementalist began the quest for
                  | the Orb.
     0 | D:1      | Reached XP level 1. HP: 14/14 MP: 3/3
    38 | D:1      | Slain by a hobgoblin

Illustrated notes

Levels and vault maps discovered:
D:1:      matt_arrival_debris, layout_basic, shapermc_ecumenical_altar_ellora,
          minmay_tree_intersection, minmay_pentomino_u4

Action                   || total
-------------------------++-------
Melee: Unarmed           ||     7
       Tailslap          ||     1
Armor: Skin              ||     8
Dodge: Dodged            ||     6
